 Dungeon Crawl Stone Soup version 0.26-a0-720-g2a1d101370 (webtiles) character file.

Game seed: 9436283624807923158

506 GordonOverkill the Chopper (level 6, -3/56 HPs)
             Began as a Palentonga Chaos Knight on Nov 3, 2020.
             Was a Plaything of Xom.
             Killed by divine providence
             ... invoked by an orc priest
              (14 damage)
             ... on level 4 of the Dungeon.
             The game lasted 00:08:18 (4016 turns).

GordonOverkill the Chopper (PaCK)                   Turns: 4016, Time: 00:08:18

Health: -3/56      AC:  9    Str: 17    XL:     6   Next: 97%
Magic:  6/6        EV: 10    Int: 12    God:    Xom [.*....]
Gold:   147        SH:  0    Dex: 10    Spells: 5/5 levels left

rFire    x . .     SeeInvis +   c - +0 war axe
rCold    + . .     Faith    .   (no shield)
rNeg     . . .     Spirit   .   b - +2 leather armour
rPois    .         Reflect  .   q - +0 helmet
rElec    .         Harm     .   (no cloak)
rCorr    .         Rampage  .   m - +0 pair of gloves
MR       .....                  (no barding)
Stlth    +.........             (no amulet)
HPRegen  0.18/turn              n - ring of ice
MPRegen  0.10/turn              (no ring)

@: no status effects
A: large, stinger 1, rugged brown scales 3, see invisible, deformed body, wild
magic 1, roll, armoured tail
a: Rolling Charge, Renounce Religion


You were on level 4 of the Dungeon.
You worshipped Xom.
You were a plaything of Xom.
You visited 1 branch of the dungeon, and saw 4 of its levels.
You also visited: Ossuary.

You collected 227 gold pieces.
You spent 80 gold pieces at shops.

Inventory:

Hand Weapons
 c - a +0 war axe (weapon)
Armour
 b - a +2 leather armour (worn)
 e - a +0 chain mail
 m - a +0 pair of gloves (worn)
 q - a +0 helmet (worn)
Jewellery
 n - a ring of ice (left hand)
Scrolls
 a - a scroll of blinking {unknown}
 l - 3 scrolls of teleportation
 p - a scroll of acquirement {unknown}
 r - 2 scrolls of remove curse {unknown}
 s - 2 scrolls of magic mapping
 t - a scroll of immolation
 u - a scroll of fear {unknown}
Potions
 d - 4 potions of haste
 f - a potion of curing
 g - 2 potions of stabbing
 h - a potion of mutation
 i - 2 potions of might
 j - a potion of invisibility {unknown}
 k - 3 potions of flight
 o - 2 potions of heal wounds
 v - a potion of lignification
 w - a potion of degeneration {unknown}


   Skills:
 + Level 4.6 Fighting
 + Level 5.0(5.1) Axes
   Level 0.3(2.8) Polearms
 - Level 3.0 Armour
 - Level 3.0 Dodging


You had 5 spell levels left.
You didn't know any spells.
Your spell library contained the following spells:

 Spells                   Type           Power        Failure   Level
 Confusing Touch          Hex            #.......     82%         3
 Gell's Gravitas          Tloc           #.........   82%         3
 Petrify                  Tmut/Erth      #.......     99%         4
 Metabolic Englaciation   Hex/Ice        #.........   100%        5
 Yara's Violent Unravell  Hex/Tmut       #.........   100%        5


Dungeon Overview and Level Annotations

Branches:
Dungeon (4/15)            Ossuary (visited)
 Temple: D:4-7

Altars:
Xom

Shops:
D:4 (=


Innate Abilities, Weirdness & Mutations

You are completely covered in rugged brown scales. (AC +3, +7% HP)
You have supernaturally acute eyesight. (SInv)
Armour fits poorly on your strangely shaped body.
You can roll at foes to attack.
You have a long armoured tail.
Your tail ends in a poisonous barb.
Your spells are a little harder to cast, but a little more powerful.


Message History

You tail-slap the orc priest, but do no damage.
The orc priest is heavily wounded.
The orc priest barely misses you.
You barely miss the orc priest.
The orc priest is heavily wounded.
The orc priest hits you with a +0 hand axe.
You hit the orc priest.
The orc priest is almost dead.
The orc priest hits you but does no damage.
Your leather armour prevents you from hitting the orc priest.
The orc priest is almost dead.
The orc priest calls down the wrath of Beogh upon you.
Beogh smites you!
* * * LOW HITPOINT WARNING * * *
You barely miss the orc priest.
The orc priest is almost dead.
The orc priest hits you but does no damage.
The orc priest invokes the aid of Beogh against you.
Beogh smites you!
You die...

.≈###≈......###*,,,,,,*,,,,,* *>,
.≈≈§≈§.÷.......,,,,,,,,,,,,,* ***
............###*,*,,,**,,,,,*
####...###### *,******,,,,,*
#...# *,,,* ******* #...# ***,*
##...### *,# #......####
####.#### ###.#.......# #.@oo...#
....#..#.##.# #†##.##.# *####**
###.#<...##.###.#*,##.####*...,,,
................#*,.......#.#.#*,
.##......##.###.#****,**#.....#*,
.##.#.......# #.#****,* ###.###*,
....##......# #(.,,,,,* *.#***,
##.......####*#.##***** *..,,,,
##.####...**,,...,,* *###***


You could see an orc priest and an orc.

Vanquished Creatures
  5 centaur zombies (Ossuary)
  An orc priest (D:4)
  2 worker ants
  8 mummies
  Robin (D:3)
  3 adders
  2 oozes
  4 adder zombies (Ossuary)
  An adder skeleton (D:4)
  A worm (D:3)
  4 leopard geckos
  7 orcs
  2 giant cockroaches
  11 goblins
  8 hobgoblins
  4 jackals
  3 kobolds
  2 quokkas (D:3)
  A ball python (D:2)
  5 bats
  6 frilled lizards
  3 goblin zombies (Ossuary)
  6 hobgoblin zombies (Ossuary)
  6 kobold zombies (Ossuary)
  2 quokka zombies (Ossuary)
  4 rats
  4 rat zombies (Ossuary)
106 creatures vanquished.

Vanquished Creatures (others)
  4 plants (D:2)
4 creatures vanquished.

Grand Total: 110 creatures vanquished

Notes
Turn   | Place    | Note
-------+----------+-------------------------------------------
     0 | D:1      | GordonOverkill the Palentonga Chaos Knight began the quest
                  | for the Orb.
     0 | D:1      | Reached XP level 1. HP: 20/20 MP: 1/1
    50 | D:1      | XOM: divination: magic mapping
   111 | D:1      | XOM: divination: detect items
   253 | D:1      | Reached skill level 1 in Dodging
   272 | D:1      | Reached XP level 2. HP: 27/27 MP: 2/2
   801 | D:2      | XOM: noise
   832 | D:2      | Reached XP level 3. HP: 23/33 MP: 3/3
   976 | D:2      | XOM: 5-stop teleportation journey
   990 | D:2      | XOM: silly message
  1245 | D:2      | XOM: 4-stop teleportation journey
  1719 | D:2      | XOM is BORED!
  1731 | D:2      | XOM: silly message
  1748 | D:2      | XOM: god gift: encrusted emerald ring {god gift}
  1773 | D:3      | Reached XP level 4. HP: 40/40 MP: 4/4
  1814 | D:3      | XOM: divination: detect items
  1815 | D:3      | Noticed Robin
  1830 | D:2      | XOM: scenery: create altars
  2016 | D:3      | Reached skill level 4 in Axes
  2047 | D:3      | XOM: 1-stop teleportation journey
  2056 | D:3      | Killed Robin
  2451 | D:3      | XOM: silly message
  2507 | D:4      | Reached XP level 5. HP: 49/49 MP: 5/5
  2528 | D:4      | Found Zyjoraocro's Jewellery Emporium.
  2563 | D:4      | Found Urioxkia's Antique Weapon Shop.
  2563 | D:4      | XOM: cloud trail
  2566 | D:4      | Bought a war axe for 80 gold pieces
  2612 | D:4      | Found a sand-covered staircase.
  2616 | D:4      | XOM: smoke on damage
  2684 | D:4      | XOM: 6-stop teleportation journey
  2756 | Ossuary  | Entered an ossuary
  2797 | Ossuary  | XOM: 1-stop teleportation journey
  3102 | Ossuary  | XOM: confuse monster(s)
  3119 | Ossuary  | Reached XP level 6. HP: 50/55 MP: 6/6
  3132 | Ossuary  | XOM: noise
  3347 | Ossuary  | XOM: noise
  3835 | Ossuary  | XOM: give mutations
  3835 | Ossuary  | Gained mutation: Your tail ends in a poisonous barb. [Xom's
                  | grace]
  3835 | Ossuary  | Gained mutation: Your spells are a little harder to cast,
                  | but a little more powerful. [Xom's grace]
  4000 | D:4      | Reached skill level 5 in Axes
  4016 | D:4      | Killed from afar by an orc priest

Illustrated notes

Levels and vault maps discovered:
D:1:      dpeg_chamrin_arrival_tetris, layout_basic
D:2:      layout_basic, serial_bayou, serial_bayou_pond_b, serial_bayou_lake_a,
          serial_bayou_pond_b, serial_bayou_pond_d, minmay_hedge_maze
D:3:      layout_rooms, uniq_robin
D:4:      layout_loops_cross, gup_ossuary_entry_pyramid, serial_shops,
          kennysheep_mini_moat, shop

Skill      XL: |  1  2  3  4  5  6 |
---------------+-------------------+-----
Dodging        | 1 2 3 |  3.0
Armour         | 2 3 |  3.0
Axes           | 4 5 |  5.0
Fighting       | 4 |  4.6
Polearms       | |  0.3

Action                   |  1- 3 |  4- 6 || total
-------------------------+-------+-------++-------
Melee: Hand axe          |    84 |    19 ||   103
       Tailslap          |     9 |    27 ||    36
       Trident           |       |    74 ||    74
       War axe           |       |   166 ||   166
 Abil: Rolling Charge    |    17 |    15 ||    32
  Use: Scroll            |     1 |     9 ||    10
       Potion            |       |     7 ||     7
 Stab: Confused          |       |     2 ||     2
Armor: Leather armour    |    29 |   140 ||   169
Dodge: Dodged            |    45 |   118 ||   163

Table legend: (Time is in decaauts)
 A = Elapsed time spent in this place.
 B = Non-inter-level travel time spent in this place.
 C = Inter-level travel time spent in this place.
 D = Time resting spent in this place.
 E = Time spent auto-exploring this place.
 F = Levels seen in this place.
 G = Mean time per level.
                   A        B        C        D        E       F      G
               +--------+--------+--------+--------+--------+-----+--------+
         Total |   4107 |   4008 |     99 |    985 |   1949 |   5 |  821.4 |
       Dungeon |   2989 |   2890 |     99 |    417 |   1803 |   4 |  747.2 |
       Ossuary |   1117 |   1117 |      0 |    568 |    146 |   1 | 1117.0 |
               +--------+--------+--------+--------+--------+-----+--------+

Top non-repeatable levels by time:
     D:2: 1149 daAuts
 Ossuary: 1117 daAuts
     D:1: 832 daAuts
     D:3: 557 daAuts
     D:4: 450 daAuts
